 Dungeon Crawl Stone Soup version 0.30-a0-757-ga6a79fd877 (webtiles) character file.

Game seed: 5159545484867327098

2098 xian the Chopper (level 9, -4/68 HPs)
             Began as a Demonspawn Monk on Feb 10, 2023.
             Was a Plaything of Xom.
             Slain by a gnoll bouda
             ... wielding a +0 club
              (6 damage)
             ... on level 6 of the Dungeon.
             The game lasted 00:24:08 (6511 turns).

xian the Chopper (Demonspawn Monk)                  Turns: 6511, Time: 00:24:09

Health: -4/68      AC:  0    Str: 15    XL:     9   Next: 7%
Magic:  9/9        EV: 15    Int: 13    God:    Xom [....*.]
Gold:   434        SH:  5    Dex: 15    Spells: 8/8 levels left

rFire   . . .      SeeInvis .    (weapon currently unavailable)
rCold   . . .      Faith    .    (shield currently unavailable)
rNeg    . . .      Spirit   .    (body armour currently unavailable)
rPois   .          Reflect  +    (helmet currently unavailable)
rElec   .          Harm     .    (cloak currently unavailable)
rCorr   .          Rampage  .    (gloves currently unavailable)
Will    .....                    (boots currently unavailable)
Stlth   ++                       j - amulet of reflection
HPRegen 0.31/turn                (ring currently unavailable)
MPRegen 0.11/turn                (ring currently unavailable)

@: pig-form, very quick
A: fast, no casting, small, (thin metallic scales 1), foul stench 3, powered by
pain 1
a: Renounce Religion


You were on level 6 of the Dungeon.
You worshipped Xom.
You were a beloved toy of Xom.
You were a filthy swine.
You visited 1 branch of the dungeon, and saw 7 of its levels.
You visited the Abyss 1 time.

You collected 434 gold pieces.

Inventory:

Hand Weapons
 c - a +4 hand axe
 q - a +2 hand axe of flaming (melded)
 w - the +4 sling of Hubris {elec, Fragile rPois Int+4 Stlth+}
   (You found it on level 3 of the Dungeon)

   Int:       It affects your intelligence (+4).
   rPois:     It protects you from poison.
   Fragile:   It will be destroyed if unequipped.
   Stlth:     It makes you more stealthy.
Missiles
 t - 32 stones
 z - 5 poisoned darts (quivered)
Armour
 d - a +0 plate armour (melded)
 g - a +0 kite shield (melded)
 i - the +2 ring mail of the Forest {rF+ rN+}
   (You found it on level 5 of the Dungeon)

   rF:        It protects you from fire.
   rN:        It protects you from negative energy.
 o - a +0 pair of boots (melded)
 x - a +1 cloak (melded)
Jewellery
 h - a ring of positive energy (melded)
 j - an amulet of reflection (around neck)
 p - a ring of poison resistance (melded)
 D - an amulet of regeneration
Wands
 a - a wand of digging (7)
Scrolls
 e - 3 scrolls of teleportation
 f - a scroll of poison
 k - 5 scrolls of immolation
 l - a scroll of enchant armour
 r - a scroll of vulnerability
 v - a scroll of enchant weapon
 y - a scroll of blinking
 B - a scroll of fear
Potions
 b - a potion of magic {unknown}
 m - 2 potions of brilliance {unknown}
 n - a potion of haste
 s - 2 potions of flight
 A - 2 potions of degeneration {unknown}
 C - a potion of curing
Miscellaneous
 u - a box of beasts


   Skills:
 + Level 5.4 Fighting
 + Level 7.0 Axes
 + Level 2.2 Throwing
 * Level 6.2 Armour
 + Level 3.2 Dodging
 + Level 2.7 Stealth
 + Level 2.0 Shields


You had 8 spell levels left.
You didn't know any spells.
Your spell library contained the following spells:

 Spells                   Type           Power      Damage    Failure   Level
 Sandblast                Erth           0%         2d4       30%         1
 Slow                     Hex            0%         N/A       30%         1
 Passwall                 Tmut/Erth      0%         N/A       43%         2
 Confusing Touch          Hex            0%         N/A       67%         3
 Stone Arrow              Conj/Erth      0%         3d7       67%         3
 Vampiric Draining        Necr           0%         2d6       67%         3


Dungeon Overview and Level Annotations

Branches:
Dungeon (7/15)
 Temple: D:4-7

Altars:
Hepliaklqana
Sif Muna
Vehumet
Xom

Shops:
D:2 [


Innate Abilities, Weirdness & Mutations

You are a filthy swine.
You move quickly.
Your equipment is almost entirely melded.
You are incapable of wielding weapons or throwing items.
You cannot cast spells.
((You are partially covered in thin metallic scales. (AC +2)))
You frequently emit foul miasma when damaged in melee.
You sometimes gain a little power by taking damage.


Message History

Your +0 pair of boots melds into your body.
Your +0 kite shield melds into your body.
Your +0 plate armour melds into your body.
Your ring of positive energy melds into your body.
Your ring of poison resistance melds into your body.
Your +2 hand axe of flaming stops flaming.
You hit the gnoll bouda.
The gnoll bouda is moderately wounded.
The gnoll hits you from afar with a +1 spear of flaming.
The gnoll burns you. You block the gnoll's attack.
You barely miss the gnoll bouda.
The gnoll bouda is moderately wounded.
The gnoll bouda barely misses you.
The gnoll hits you from afar with a +0 spear.
The gnoll hits you from afar with a +1 spear of flaming!
The gnoll burns you. The gnoll closely misses you.
Unknown command.
You hit the gnoll bouda.
The gnoll bouda is moderately wounded.
The gnoll bouda hits you with a +0 club!
You block the gnoll's attack.
The gnoll hits you from afar with a +1 spear of flaming!
The gnoll burns you. The gnoll closely misses you.
Unknown command.
You hit the gnoll bouda.
The gnoll bouda is heavily wounded.
The gnoll bouda misses you.
The gnoll hits you from afar with a +0 spear!
* * * LOW HITPOINT WARNING * * *
The gnoll hits you from afar with a +1 spear of flaming.
* * * LOW HITPOINT WARNING * * *
The gnoll burns you.
* * * LOW HITPOINT WARNING * * *
The gnoll hits you from afar with a +0 spear!
* * * LOW HITPOINT WARNING * * *
Xom roars with laughter!
You hit the gnoll bouda but do no damage.
The gnoll bouda is heavily wounded.
The gnoll bouda hits you with a +0 club.
You die...

######## #......#
###### #......#
..[..# #..[...#
.....#######..[...#
............[.....#
.....#######...gh.#
.....# #..g...###
.....# #(.gg..##.
#.#### ##..o......
#g.#
##.(.##.####.##
##.# ...## #.# ..#
#.### .## #.. #.#
#...###.# ##. #.#
.###.....# #.#


You could see a gnoll bouda, 3 gnolls and an orc.

Vanquished Creatures
  Grinder (D:4)
  A water moccasin (D:6)
  2 black bears (D:5)
  A sky beast (D:6)
  2 ogres
  A bullfrog (D:6)
  A gnoll sergeant (D:6)
  3 scorpions
  5 necrophages
  3 hounds
  4 orc priests
  A jelly (D:6)
  5 iguanas
  An orc wizard (D:6)
  9 adders
  12 gnolls
  An ufetubus (D:4)
  A worm (D:3)
  5 dart slugs
  30 orcs
  3 ball pythons
  7 endoplasms
  A giant cockroach (D:1)
  10 goblins
  8 hobgoblins
  11 kobolds
  3 quokkas
  4 bats
  7 frilled lizards
  3 rats (D:1)
146 creatures vanquished.

Vanquished Creatures (collateral kills)
  An orc (D:4)
  An endoplasm (D:4)
2 creatures vanquished.

Grand Total: 148 creatures vanquished

Notes
Turn   | Place    | Note
-------+----------+-------------------------------------------
     0 | D:1      | xian the Demonspawn Monk began the quest for the Orb.
     0 | D:1      | Reached XP level 1. HP: 18/18 MP: 1/1
   226 | D:1      | Gained mutation: You may rarely emit foul miasma when
                  | damaged in melee. [demonic ancestry]
   226 | D:1      | Reached XP level 2. HP: 21/24 MP: 2/2
   549 | D:1      | Reached skill level 3 in Axes
   800 | D:1      | Gained mutation: You sometimes emit foul miasma when
                  | damaged in melee. [demonic ancestry]
   800 | D:1      | Reached XP level 3. HP: 29/29 MP: 3/3
  1156 | D:2      | Found Nausoy's Antique Armour Boutique.
  1234 | D:2      | Reached skill level 1 in Armour
  1517 | D:2      | Reached XP level 4. HP: 35/35 MP: 4/4
  1574 | D:2      | Found a faded altar of an unknown god.
  1598 | D:2      | Prayed at the altar of an unknown god.
  1598 | D:2      | Became a worshipper of Xom of Chaos
  1742 | D:2      | XOM: silly message
  2313 | D:3      | Found a shimmering blue altar of Sif Muna.
  2353 | D:3      | Found a hazy altar of Hepliaklqana.
  2472 | D:3      | Identified the +4 sling of Hubris {elec, Fragile rPois
                  | Int+4 Stlth+}
  2807 | D:3      | Reached XP level 5. HP: 42/42 MP: 5/5
  3038 | D:3      | XOM: silly message
  3101 | D:3      | XOM: 3-stop teleportation journey
  3293 | D:4      | Reached skill level 4 in Axes
  3327 | D:4      | Found a radiant altar of Vehumet.
  3349 | D:4      | XOM: cloud trail
  3406 | D:4      | XOM: noise
  3408 | D:4      | Noticed Grinder
  3424 | D:4      | XOM: summons friendly crimson imp
  3442 | D:4      | XOM: enchant monster (bad)
  3442 | D:4      | Paralysed by Grinder for 5 turns
  3459 | D:4      | XOM: summons friendly shadow imp
  3475 | D:4      | Reached XP level 6. HP: 18/48 MP: 6/6
  3476 | D:4      | XOM: summons 2 friendly demons
  3494 | D:4      | XOM: noise
  3495 | D:4      | Paralysed by Grinder for 2 turns
  3513 | D:4      | Killed Grinder
  3643 | D:4      | Gained mutation: You sometimes gain a little power by
                  | taking damage. [demonic ancestry]
  3643 | D:4      | Reached XP level 7. HP: 41/54 MP: 7/7
  3798 | D:4      | Reached skill level 5 in Axes
  3934 | D:4      | XOM: potion effect (might)
  3951 | Abyss:1  | Cast into level 1 of the Abyss (gnoll)
  3951 | D:4      | Escaped the Abyss
  3951 | D:4      | XOM: revert banishment
  4449 | D:5      | Entered Level 5 of the Dungeon
  4451 | D:5      | XOM: divination: detect items
  4501 | D:4      | XOM: summons 3 hostile shadow creatures
  4626 | D:5      | XOM: confuse monster(s)
  4635 | D:5      | Identified the +2 ring mail of the Forest {rF+ rN+}
  4642 | D:5      | Reached skill level 1 in Throwing
  4663 | D:5      | XOM: potion effect (curing)
  4821 | D:5      | Gained mutation: You frequently emit foul miasma when
                  | damaged in melee. [demonic ancestry]
  4821 | D:5      | Reached XP level 8. HP: 61/61 MP: 8/8
  4850 | D:5      | Reached skill level 6 in Axes
  4884 | D:5      | Reached skill level 5 in Armour
  4912 | D:5      | XOM: summons friendly crimson imp
  4941 | D:5      | Reached skill level 5 in Fighting
  5279 | D:5      | XOM: noise
  5394 | D:5      | XOM: god gift: 49 gold pieces
  5472 | D:6      | XOM: divination: detect creatures
  5487 | D:6      | Reached skill level 1 in Shields
  5636 | D:6      | XOM: god gift: box of beasts
  5646 | D:6      | XOM: stat loss: -1 Dex (14/15)
  5687 | D:6      | XOM: blink monster(s)
  5721 | D:6      | XOM: confusion
  5891 | D:6      | XOM: 1-stop teleportation journey
  5894 | D:6      | XOM: chaos upgrade
  5899 | D:6      | XOM: torment (7/62 hp)
  5900 | D:6      | HP: 3/62 [gnoll/+0 spear of flaming[a gnoll sergeant] (4)]
  5905 | D:6      | HP: 2/62 [gnoll/+0 spear of flaming[a gnoll sergeant] (1)]
  6266 | D:6      | XOM: 5-stop teleportation journey
  6268 | D:6      | XOM: silly message
  6273 | D:6      | Gained mutation: You are partially covered in thin metallic
                  | scales. (AC +2) [demonic ancestry]
  6273 | D:6      | Reached XP level 9. HP: 39/68 MP: 9/9
  6286 | D:6      | Reached skill level 7 in Axes
  6510 | D:6      | HP: 1/68 [gnoll/+0 spear[a gnoll bouda] (8)]
  6511 | D:6      | Slain by a gnoll bouda

Illustrated notes

Levels and vault maps discovered:
D:1:      saegor_arrival_fortress, layout_basic
D:2:      layout_basic, serial_shops, shop, hellmonk_ecumenical_altar_blasted
D:3:      layout_basic, lemuel_tele_altar, mainiacjoe_overflow_catwalk
D:4:      layout_basic, lemuel_doored_altar, solitary_fountain, uniq_grinder
D:5:      layout_rooms, kennysheep_mini, hangedman_decor_push
D:6:      layout_rooms
D:7:      statuecave_lemuel, layout_basic, tgw_trog,
          grunt_temple_overflow_cloverleaf, temple_statues

Skill      XL: |  1  2  3  4  5  6  7  8  9 |
---------------+----------------------------+-----
Dodging        | 3 |  3.2
Axes           | 3 4 5 6 7 |  7.0
Armour         | 1 2 3 4 6 |  6.2
Fighting       | 4 5 |  5.4
Stealth        | 2 |  2.7
Throwing       | 1 2 |  2.2
Shields        | 1 2 |  2.0

Action                     |  1- 3 |  4- 6 |  7- 9 || total
---------------------------+-------+-------+-------++-------
  Melee: Hand axe          |   114 |   221 |   273 ||   608
         Punch             |       |     2 |     3 ||     5
         Unarmed           |       |       |    15 ||    15
  Throw: Dart              |       |     3 |    39 ||    42
         Stone             |       |     3 |     5 ||     8
    Use: Scroll            |       |     3 |     8 ||    11
         Potion            |       |     2 |     4 ||     6
   Stab: Confused          |       |       |     3 ||     3
         Sleeping          |       |       |     4 ||     4
         Distracted        |       |       |     1 ||     1
 Armour: Plate armour      |    78 |   158 |   244 ||   480
         Robe              |     3 |       |       ||     3
  Dodge: Dodged            |    34 |    57 |    79 ||   170
  Block: Other             |       |       |    40 ||    40
         Kite shield       |       |       |    31 ||    31

Table legend: (Time is in decaauts)
 A = Elapsed time spent in this place.
 B = Non-inter-level travel time spent in this place.
 C = Inter-level travel time spent in this place.
 D = Time resting spent in this place.
 E = Time spent auto-exploring this place.
 F = Levels seen in this place.
 G = Mean time per level.
                   A        B        C        D        E       F      G
               +--------+--------+--------+--------+--------+-----+--------+
         Total |   6520 |   6402 |    118 |    724 |   3621 |   8 |  815.0 |
       Dungeon |   6520 |   6402 |    118 |    724 |   3621 |   7 |  931.4 |
         Abyss |      0 |      0 |      0 |      0 |      0 |   1 |    0.0 |
               +--------+--------+--------+--------+--------+-----+--------+

Top non-repeatable levels by time:
     D:3: 1394 daAuts
     D:4: 1357 daAuts
     D:1: 1014 daAuts
     D:5: 944 daAuts
     D:2: 890 daAuts
     D:6: 817 daAuts
     D:7: 100 daAuts
